General information
- name: BNet
- type: Ladder team game (AT/RT)
- host: Battle.net
- saver: Argost
map: PhantomGrove
- players: 4
- length: 20:04
- speed: Fast
- version: 1.24 W3XP
- replay type: Public
» download(97 KB)
Players
team 1 (loser)

»
Buckle (
teal | 66 APM | 1308 actions | 19:55)
4 Death Knight
2 Death Coil
2 Unholy Aura
3 Crypt Lord
2 Impale
1 Spiked Carapace
» actions
| Build / train | 55 | |
| Enter build submenu | 21 | |
| Enter hero's abilities submenu | 7 | |
| Give item / drop item | 2 | |
| Remove unit from queue | 1 | |
| Right click | 822 | |
| Select / deselect | 306 | |
| Use ability | 94 | |
1308 total
» units
| Acolyte | 7 | |
| Ghoul | 12 | |
| Obsidian Statue | 6 | |
| Abomination | 6 | |
| Frost Wyrm | 2 | |
33 total
» upgrades
| Cannibalize | 0 | |
| Disease Cloud | 1 | |
| Destroyer Form | 1 | |
2 total
» buildings
| Altar of Darkness | 1 | |
| Ziggurat | 8 | |
| Crypt | 1 | |
| Tomb of Relics | 1 | |
| Nerubian Tower | 1 | |
| Halls of the Dead | 1 | |
| Graveyard | 1 | |
| Black Citadel | 1 | |
| Sacrificial Pit | 1 | |
| Slaughterhouse | 2 | |
| Boneyard | 1 | |
19 total
» build order
00:27 Altar of Darkness
00:29 Ziggurat
00:34 Crypt
01:01 Ziggurat
01:24 Tomb of Relics
02:01 Nerubian Tower
02:18 Ziggurat
04:25 Halls of the Dead
04:43 Graveyard
07:06 Black Citadel
07:09 Sacrificial Pit
07:14 Slaughterhouse
07:22 Ziggurat
08:54 Ziggurat
09:32 Slaughterhouse
09:35 Ziggurat
14:39 Ziggurat
14:40 Ziggurat
15:26 Boneyard
» items
| Rod of Necromancy | 2 | |
| Dust of Appearance | 1 | |
| Potion of Healing | 2 | |
| Scroll of Town Portal | 1 | |
| Scroll of Healing | 1 | |
7 total
DrStyles (
red | 44 APM | 879 actions | 20:02)
4 Firelord
2 Incinerate
2 Soul Burn
» actions
| Assign group hotkey | 14 | |
| Basic commands | 8 | |
| Build / train | 48 | |
| Enter build submenu | 18 | |
| Enter hero's abilities submenu | 4 | |
| Remove unit from queue | 1 | |
| Right click | 510 | |
| Select / deselect | 160 | |
| Select group hotkey | 65 | |
| Use ability | 51 | |
879 total
» units
| Wisp | 13 | |
| Huntress | 4 | |
| Druid of the Talon | 9 | |
| Faerie Dragon | 2 | |
| Chimaera | 4 | |
| Hippogryph | 1 | |
33 total
» upgrades
| Sentinel | 1 | |
| Druid of the Talon Training | 2 | |
3 total
» buildings
| Altar of Elders | 1 | |
| Moon Well | 6 | |
| Hunter's Hall | 1 | |
| Ancient of War | 1 | |
| Ancient Protector | 1 | |
| Tree of Ages | 1 | |
| Tree of Eternity | 1 | |
| Ancient of Wind | 2 | |
| Ancient of Wonders | 1 | |
| Chimaera Roost | 1 | |
16 total
» build order
00:52 Altar of Elders
01:11 Moon Well
01:30 Hunter's Hall
01:54 Ancient of War
02:29 Moon Well
02:55 Ancient Protector
04:34 Tree of Ages
07:46 Tree of Eternity
07:48 Ancient of Wind
07:49 Ancient of Wind
08:37 Moon Well
09:39 Ancient of Wonders
09:53 Moon Well
10:01 Moon Well
13:42 Chimaera Roost
17:31 Moon Well
» items
| Boots of Speed | 1 | |
| Staff of Teleportation | 1 | |
| Scroll of Town Portal | 1 | |
| Scroll of Healing | 1 | |
4 total
team 2 (winner)
Argost (
yellow | 79 APM | 1588 actions | 20:04)
5 Archmage
3 Summon Water Elemental
2 Brilliance Aura
4 Mountain King
2 Storm Bolt
2 Bash
» actions
| Assign group hotkey | 62 | |
| Basic commands | 138 | |
| Build / train | 72 | |
| ESC pressed | 1 | |
| Enter build submenu | 30 | |
| Enter hero's abilities submenu | 9 | |
| Give item / drop item | 1 | |
| Remove unit from queue | 4 | |
| Right click | 527 | |
| Select / deselect | 284 | |
| Select group hotkey | 374 | |
| Use ability | 86 | |
1588 total
» units
| Peasant | 9 | |
| Footman | 3 | |
| Rifleman | 7 | |
| Priest | 2 | |
| Spell Breaker | 4 | |
| Knight | 5 | |
| Siege Engine | 3 | |
33 total
» upgrades
| Gunpowder | 2 | |
| Long Rifles | 1 | |
| Priest Training | 2 | |
| Armor | 1 | |
| Plating | 2 | |
| Animal War Training | 1 | |
| Barrage | 1 | |
10 total
» buildings
| Farm | 12 | |
| Altar of Kings | 1 | |
| Barracks | 2 | |
| Scout Tower | 5 | |
| Arcane Tower | 1 | |
| Keep | 2 | |
| Blacksmith | 1 | |
| Lumber Mill | 1 | |
| Arcane Vault | 1 | |
| Guard Tower | 3 | |
| Arcane Sanctum | 1 | |
| Castle | 1 | |
| Workshop | 1 | |
| Town Hall | 1 | |
33 total
» build order
00:06 Farm
00:10 Altar of Kings
00:18 Farm
00:21 Barracks
01:31 Farm
01:47 Scout Tower
02:19 Arcane Tower
02:47 Keep
02:47 Keep
03:02 Blacksmith
03:16 Lumber Mill
03:52 Farm
03:55 Arcane Vault
03:56 Scout Tower
04:33 Guard Tower
04:33 Guard Tower
05:30 Arcane Sanctum
05:36 Farm
07:32 Farm
07:33 Farm
09:21 Castle
10:01 Workshop
11:03 Town Hall
11:08 Scout Tower
11:09 Scout Tower
11:11 Scout Tower
12:22 Farm
12:42 Farm
12:43 Guard Tower
13:24 Barracks
17:33 Farm
17:37 Farm
19:48 Farm
» items
| Circlet of Nobility | 1 | |
| Potion of Healing | 2 | |
| Scroll of Town Portal | 1 | |
| Staff of Sanctuary | 1 | |
| Scroll of Regeneration | 1 | |
6 total
uberplayer (
green | 66 APM | 1322 actions | 20:03)
6 Far Seer
3 Feral Spirit
2 Chain Lighting
1 Earth Quake
5 Shadow Hunter
2 Hex
3 Healing Wave
» actions
| Assign group hotkey | 30 | |
| Basic commands | 136 | |
| Build / train | 69 | |
| Enter build submenu | 23 | |
| Enter hero's abilities submenu | 12 | |
| Give item / drop item | 2 | |
| Remove unit from queue | 1 | |
| Right click | 490 | |
| Select / deselect | 268 | |
| Select group hotkey | 202 | |
| Use ability | 89 | |
1322 total
» units
| Peon | 10 | |
| Grunt | 7 | |
| Spirit Walker | 1 | |
| Shaman | 3 | |
| Troll Witch Doctor | 3 | |
| Tauren | 6 | |
| Wind Rider | 3 | |
| Troll Headhunter/Berserker | 2 | |
35 total
» upgrades
| Melee Weapons | 1 | |
| Berserker Strength | 1 | |
| Witch Doctor Training | 2 | |
| Shaman Training | 2 | |
| Armor | 1 | |
| Envenomed Spears | 1 | |
| Ranged Weapons | 1 | |
| Pulverize | 1 | |
10 total
» buildings
| Altar of Storms | 1 | |
| Orc Burrow | 7 | |
| Barracks | 1 | |
| War Mill | 1 | |
| Voodoo Lounge | 1 | |
| Stronghold | 2 | |
| Watch Tower | 1 | |
| Beastiary | 1 | |
| Spirit Lodge | 3 | |
| Fortress | 1 | |
| Tauren Totem | 2 | |
21 total
» build order
00:07 Altar of Storms
00:11 Orc Burrow
00:49 Barracks
01:31 Orc Burrow
02:10 War Mill
02:45 Voodoo Lounge
03:37 Stronghold
03:38 Stronghold
03:49 Watch Tower
04:06 Orc Burrow
06:17 Beastiary
07:13 Orc Burrow
08:44 Spirit Lodge
08:48 Spirit Lodge
09:20 Fortress
09:26 Spirit Lodge
11:53 Tauren Totem
13:28 Tauren Totem
14:28 Orc Burrow
14:29 Orc Burrow
14:43 Orc Burrow
» items
| Healing Salve | 2 | |
| Scroll of Healing | 1 | |
| Scroll of Protection | 1 | |
| Circlet of Nobility | 1 | |
| Potion of Lesser Invulnerability | 1 | |
| Scroll of Town Portal | 1 | |
7 total
Chat log
(05:10 / Allies) Argost: bb
(07:19 / Allies) Argost: dumb fl
(07:54 / Allies) Argost: creep?
(11:53 / Allies) Argost: sweet
(11:59 / Allies) Argost: lol
(12:00 / Allies) Argost: lol
(12:03 / Allies) uberplayer: ?
(12:07 / Allies) uberplayer: haha
(12:49 / Allies) uberplayer: b
(12:59 / Allies) Argost: fight
(13:09 / Allies) Argost: tping
(13:55 / Allies) Argost: tp or no?
(14:04 / Allies) Argost: nm
(14:06 / Allies) uberplayer: nah
(14:14 / Allies) uberplayer: actually
(14:20 / Allies) Argost: tanks coming out
(14:55 / Allies) Argost: lil wood pls
(15:17 / Allies) Argost: tp
(15:30 / Allies) uberplayer: k
(15:37 / Allies) Argost: aim tp
(16:21 / Allies) uberplayer: going
(17:10 / Allies) Argost: whew nice
(18:50 / All) DrStyles: gay
(18:56 / All) Argost: heh
(19:22 / All) Buckle: i knoew we'd lose
(19:26 / All) DrStyles: ya
(19:30 / All) DrStyles: races
(19:42 / All) Buckle: ud and ne have the most unmanagable anti magic
(19:50 / All) Buckle: hu and orc have the best magic
(19:53 / All) DrStyles: ya